AoeStats
← elnano4cchi

Arena

510245258Analyzed
4v4 RM · 2d ago on Sep 30, 2026· 107m 7s· 8 players
Game mode
Random Map
Map size
Large (8 player)
Population
200
Speed
Normal
Resources
Standard
Victory
Conquest
Starting age
Dark Age
Ending age
Imperial Age
RankedLock teamsTeams togetherTeam positionsShared explorationLock speedFull tech treeHidden civsTurbo modeCheats
Victory
Defeat
🇦🇷 Sicilians · Argentina
741
+16
🇨🇴 Vietnamese · Colombia
739
+16
🇨🇦 Spanish · Canada
684
+18
🇲🇽 Celts · Mexico
665
+19
🇨🇳 Franks · China
770
-19
🇺🇸 Vikings · United States
725
-17
🇨🇳 Danes · China
717
-17
🇦🇷 Khmer · Argentina
708
-16
11thDAY
11:51 Feudal Age
13:51 Loom
16:54 Castle Age
15:11 Double-Bit Axe
15:34 Gold Mining
16:51 Horse Collar
17:10 Man-at-Arms
17:53 Long Swordsman
23:53 Squires
26:19 Scale Mail Armor
33:07 Imperial Age
30:23 Town Watch
31:06 Forging
31:12 Chain Mail Armor
32:44 Iron Casting
32:34 Ballistics
32:26 Fortified Wall
33:52 Town Watch
34:33 Bow Saw
34:16 Stone Mining
34:14 Two-Handed Swordsman
34:19 Elite Skirmisher
36:52 Padded Archer Armor
37:14 Capped Ram
38:58 Fletching
42:13 Leather Archer Armor
46:03 Chemistry
45:05 Bodkin Arrow
47:42 Champion
51:03 Ring Archer Armor
50:34 Bracer
50:50 Masonry
50:22 Treadmill Crane
51:10 Town Patrol
55:00 Pikeman
63:45 Two-Man Saw
62:49 Heavy Plow
63:34 Plate Mail Armor
64:05 Blast Furnace
63:42 Architecture
63:08 Murder Holes
66:39 Conscription
66:24 Chieftains
75:53 Bogsveigar
84:54 Caravan
诺
1:09 Loom
11:43 Feudal Age
16:53 Castle Age
15:26 Double-Bit Axe
18:24 Bow Saw
18:30 Horse Collar
25:38 Heavy Plow
26:37 Gold Mining
34:08 Imperial Age
32:15 Wheelbarrow
33:13 Hand Cart
33:24 Forging
33:14 Scale Mail Armor
33:31 Squires
33:17 Arson
33:09 Hamask
34:47 Iron Casting
34:26 Town Watch
35:01 Chain Mail Armor
34:35 Northmen's Fury
34:47 Onager
36:10 Siege Engineers
36:41 Siege Onager
37:29 Town Patrol
38:11 Gold Shaft Mining
38:03 Elite Jomsviking
39:23 Ballistics
40:04 Chemistry
40:08 Plate Mail Armor
40:09 Elite Varangian Guard
44:06 Blast Furnace
46:08 Masonry
47:20 Gambesons
51:56 Fletching
52:12 Scale Barding Armor
68:17 Bodkin Arrow
68:23 Padded Archer Armor
73:54 Bracer
74:10 Leather Archer Armor
76:24 Arrowslits
77:13 Ring Archer Armor
77:03 Chain Barding Armor
77:27 Heavy Scorpion
78:13 Pikeman
80:21 Plate Barding Armor
79:39 Elite Skirmisher
80:25 Thumb Ring
80:35 Halberdier
欧皇
0:54 Loom
10:34 Feudal Age
19:03 Castle Age
19:06 Stone Mining
23:44 Treadmill Crane
24:51 Fortified Wall
25:43 Double-Bit Axe
31:35 Wheelbarrow
30:47 Town Watch
33:18 Bow Saw
35:55 Scale Mail Armor
36:05 Forging
36:57 Masonry
36:52 Fletching
37:03 Padded Archer Armor
38:06 Pikeman
38:46 Squires
39:12 Chain Mail Armor
39:33 Iron Casting
39:44 Gold Mining
40:13 Caravan
52:45 Imperial Age
54:43 Conscription
56:33 Heavy Scorpion
60:41 Chemistry
60:13 Architecture
59:46 Bodkin Arrow
60:07 Leather Archer Armor
60:57 Gold Shaft Mining
70:34 Siege Engineers
goPales
10:39 Feudal Age
14:09 Castle Age
12:45 Double-Bit Axe
13:12 Horse Collar
21:38 Wheelbarrow
24:03 Loom
26:15 Bow Saw
31:16 Imperial Age
30:07 Hand Cart
33:48 Elite Battle Elephant
34:57 Gold Mining
34:59 Stone Mining
37:34 Scale Barding Armor
37:40 Forging
37:21 Fletching
38:15 Gold Shaft Mining
38:16 Stone Shaft Mining
39:11 Husbandry
39:22 Bloodlines
41:37 Iron Casting
40:58 Bodkin Arrow
44:11 Elite Ballista Elephant
55:45 Bracer
56:46 Blast Furnace
55:49 Padded Archer Armor
55:49 Light Cavalry
56:53 Hussar
69:16 Leather Archer Armor
69:22 Chain Barding Armor
82:32 Plate Barding Armor
81:59 Scale Mail Armor
82:30 Ring Archer Armor
83:28 Double Crossbow
84:26 Ballistics
vajamian
15:00 Feudal Age
16:22 Wheelbarrow
15:29 Horse Collar
15:38 Double-Bit Axe
16:01 Loom
21:26 Castle Age
22:21 Heavy Plow
22:35 Bow Saw
22:55 Caravan
23:32 Fervor
25:31 Squires
26:19 Fletching
26:30 Padded Archer Armor
26:40 Forging
26:31 Scale Mail Armor
26:36 Scale Barding Armor
27:35 Hand Cart
33:45 Imperial Age
33:46 Husbandry
33:57 Bloodlines
35:36 Chemistry
35:01 Conscription
36:06 Two-Man Saw
35:27 Cavalier
36:19 Pikeman
37:19 Bodkin Arrow
37:40 Leather Archer Armor
40:37 Bracer
41:07 Ring Archer Armor
41:13 Iron Casting
41:58 Chain Mail Armor
42:04 Chain Barding Armor
42:57 Halberdier
46:08 Elite Conquistador
49:35 Paladin
57:22 Blast Furnace
56:52 Plate Mail Armor
56:58 Plate Barding Armor
68:22 Masonry
68:23 Fortified Wall
TruG-moto
0:50 Loom
15:37 Feudal Age
16:11 Town Watch
22:30 Castle Age
20:36 Double-Bit Axe
20:37 Horse Collar
26:32 Castle Age
ozzymandias15
1:05 Loom
12:08 Feudal Age
13:42 Wheelbarrow
12:51 Horse Collar
13:26 Double-Bit Axe
21:43 Castle Age
20:22 Gold Mining
20:34 Fletching
21:04 Stone Mining
20:54 Man-at-Arms
22:27 Heavy Plow
22:14 Crossbowman
26:56 Hand Cart
27:34 Bodkin Arrow
29:40 Padded Archer Armor
30:29 Stone Shaft Mining
30:48 Thumb Ring
31:03 Leather Archer Armor
31:42 Chatras
31:57 Scale Barding Armor
31:44 Elite Skirmisher
32:59 Bow Saw
36:49 Imperial Age
38:17 Fortified Wall
37:50 Treadmill Crane
40:09 Ballistics
40:03 Masonry
55:24 Imperial Skirmisher
56:08 Bracer
57:13 Chemistry
56:05 Heated Shot
57:53 Two-Man Saw
58:43 Paper Money
61:01 Ring Archer Armor
76:05 Arbalester
83:59 Town Watch
94:51 Town Patrol
95:49 Bloodlines
95:38 Elite Battle Elephant
96:21 Husbandry
104:41 Light Cavalry
elnano4cchi
3:27 Loom
10:54 Feudal Age
18:46 Forging
25:05 Castle Age
23:35 Horse Collar
23:44 Double-Bit Axe
23:58 Gold Mining
24:44 Stone Mining
27:05 Heavy Plow
28:17 Bow Saw
30:14 Squires
29:38 Pikeman
30:56 Iron Casting
31:19 Gold Shaft Mining
32:10 Husbandry
35:15 Wheelbarrow
38:25 Imperial Age
36:50 Scale Barding Armor
38:01 Hand Cart
38:30 Cavalier
39:55 Hauberk
39:53 Capped Ram
42:18 Blast Furnace
43:41 Caravan
43:11 Halberdier
44:59 Chain Barding Armor
47:52 Onager
49:11 Siege Ram
50:13 Murder Holes
50:03 Arrowslits
53:45 Siege Onager
55:17 Arson
56:13 Plate Barding Armor
55:38 Scale Mail Armor
58:35 Guilds
59:07 Ballistics
58:59 Masonry
58:55 Siege Engineers
59:51 Chemistry
61:17 Elite Serjeant
62:18 Conscription
62:34 Hoardings
65:08 Chain Mail Armor
65:32 Stone Shaft Mining
70:21 Conscription
70:22 First Crusade
83:55 Heavy Scorpion
Connection lost

Rejoining the realm…

Still unreachable

The connection could not be restored.

Session expired

The server has moved on; the page needs a fresh start.